 Dungeon Crawl Stone Soup version 0.28-a0-1233-g92def6ad0a (webtiles) character file.

Game seed: 15789602927320675362

835 Geomchi the Caller (level 7, -2/47 (49) HPs)
             Began as a Vampire Summoner on Dec 23, 2021.
             Was an Initiate of Hepliaklqana.
             Slain by a necrophage (5 damage)
             ... on level 5 of the Dungeon.
             The game lasted 00:12:24 (5212 turns).

Geomchi the Caller (Vampire Summoner)               Turns: 5212, Time: 00:12:25

HP:   -2/47 (49)    AC:  2    Str:  7    XL:     7   Next: 66%
MP:   3/11          EV: 12    Int: 25    God:    Hepliaklqana [......]
Gold: 156           SH:  0    Dex: 15    Spells: 2/12 levels left

rFire   . . .      SeeInvis +   i - +4 dagger (vamp)
rCold   . . .      Faith    .   (no shield)
rNeg    . . .      Spirit   .   a - +0 robe
rPois   .          Reflect  .   (no helmet)
rElec   .          Harm     .   (no cloak)
rCorr   .          Rampage  .   (no gloves)
Will    .....                   (no boots)
Stlth   ++........              (no amulet)
HPRegen 0.35/turn               c - +6 ring of intelligence
MPRegen 0.12/turn               (no ring)

@: healing quickly, lightly drained
A: alive, fangs 3, see invisible, vampiric 2, [frail 1]
a: Exsanguinate, Renounce Religion


You were on level 5 of the Dungeon.
You worshipped Hepliaklqana.
Hepliaklqana was noncommittal.
You visited 2 branches of the dungeon, and saw 6 of its levels.

You collected 156 gold pieces.

Inventory:

Hand Weapons
 i - a +4 vampiric dagger (weapon)
Armour
 a - a +0 robe (worn)
Jewellery
 c - a +6 ring of intelligence (left hand)
Scrolls
 b - a scroll of noise
 d - 2 scrolls of identify {unknown}
 e - 2 scrolls of amnesia {unknown}
 g - a scroll of enchant armour {unknown}
 j - a scroll of blinking {unknown}
 l - a scroll of summoning {unknown}
 m - a scroll of magic mapping {unknown}


   Skills:
 + Level 4.6 Fighting
 - Level 2.1 Dodging
 - Level 3.0 Stealth
 - Level 3.0 Spellcasting
 + Level 6.7 Summonings
 + Level 3.2 Air Magic


You had 2 spell levels left.
You knew the following spells:

 Your Spells              Type           Power      Damage    Failure   Level
a - Call Canine Familiar  Summ           37%        N/A       1%          3
b - Summon Small Mammal   Summ           100%       N/A       1%          1
c - Call Imp              Summ           37%        N/A       1%          2
d - Summon Lightning Spi  Summ/Air       28%        N/A       13%         4

Your spell library contained the following spells:

 Spells                   Type           Power      Damage    Failure   Level
 Searing Ray              Conj           6%         2d4       16%         2
 Summon Guardian Golem    Hex/Summ       20%        N/A       8%          3
 Airstrike                Air            10%        N/A       26%         4
 Summon Ice Beast         Ice/Summ       20%        N/A       26%         4
 Conjure Flame            Conj/Fire      3%         6-21      30%         3
 Frozen Ramparts          Ice            6%         1d2       30%         3
 Ozocubu's Armour         Ice            3%         N/A       30%         3
 Ice Form                 Ice/Tmut       3%         N/A       69%         4
 Lightning Bolt           Conj/Air       5%         1d17      82%         5
 Starburst                Conj/Fire      1%         6d3       100%        6
 Ozocubu's Refrigeration  Ice            1%         4d5       100%        7


Dungeon Overview and Level Annotations

Branches:
Dungeon (5/15)             Temple (1/1) D:4

Altars:
Cheibriados
Dithmenos
Elyvilon
Fedhas
Gozag
Hepliaklqana
Makhleb
Nemelex Xobeh
Okawaru
Qazlal
Sif Muna
Trog
Uskayaw
Vehumet
Wu Jian
Xom
Yredelemnul
Zin
The Shining One

Shops:
D:4 (   D:5 *


Innate Abilities, Weirdness & Mutations

Your natural rate of healing is accelerated.
You have razor-sharp teeth.
You have supernaturally acute eyesight. (SInv)
You are afflicted with vampirism and can become a bat while bloodless.
[You are frail. (-10% HP)]


Message History

Your hound's corpse disappears in a puff of smoke!
You take 2 damage, and have 5/47 hp.
A shadowy apparition takes form in the air.
You feel sick. The scorpion misses you.
The necrophage barely misses your shadow imp.
You now have 5/11 mp.
You feel sick. The scorpion barely misses you.
Your quokka misses the necrophage.
The ogre hits your shadow imp with a +0 giant club!
Something closely misses your shadow imp.
Your shadow imp hits the scorpion.
You feel sick.
The scorpion closely misses your shadow imp.
Your wolf closely misses the scorpion.
Something bites your shadow imp but does no damage.
The scorpion stings your shadow imp!
Your shadow imp dies!
Your shadow imp disappears in a puff of smoke!
You take 1 damage, and have 4/47 hp.
You now have 2/11 mp.
You feel sick.
Your wolf barely misses the scorpion.
Your quokka bites the scorpion but does no damage.
Your wolf closely misses the scorpion.
The scorpion closely misses your quokka.
Your quokka bites the scorpion but does no damage.
You take 1 damage, and have 3/47 hp.
You feel sick.
You take 1 damage, and have 2/47 hp.
You feel sick.
You are no longer poisoned.
Your wolf bites the necrophage.
Something hits your wolf.
You aren't carrying any potions.
The scorpion stings something.
The scorpion barely misses something.
The scorpion stings something but does no damage.
As you read the scroll labelled DUNEGE DUMOUC, it crumbles to dust.
You hear a loud clanging noise!
It was a scroll of noise.
You hear a bark! x2; You hear an angry hiss.
You hear a bark!
The necrophage hits you.
You die...

..?.........<........
#.......s..)).......
##.....O....##.#.....
...(...h##..# .#....#
........#...##.>.##..
....###.......#..#.
).............#....
.##.......nZ.......
#.#.#....@..##.... #
###..............
.................
...##..#.#........
...#.....#........
....#.............
...#.............
.................
.##.##.##....[...


You could see a necrophage, a scorpion (ally target), a water moccasin zombie
and a friendly wolf (summoned).

Vanquished Creatures
  A centaur zombie (D:5)
  An adder skeleton (D:4)
  A dart slug (D:1)
  An orc (D:3)
  2 endoplasms
  3 goblins
  A hobgoblin (D:1)
  A jackal (D:1)
  A kobold (D:1)
  A ball python (D:1)
  2 frilled lizards
  A rat (D:3)
16 creatures vanquished.

Vanquished Creatures (collateral kills)
  Prince Ribbit (D:5)
  A water moccasin (D:5)
  An ogre (D:5)
  A centaur skeleton (D:5)
  A centaur zombie (D:4)
  An orc priest (D:5)
  A hound (D:4)
  An iguana (D:4)
  A howler monkey zombie (D:5)
  Robin (D:2)
  7 gnolls
  7 adders
  2 ufetubi
  5 worms
  4 dart slugs
  4 orcs
  5 bats
  8 endoplasms
  4 giant cockroaches
  9 goblins
  6 hobgoblins
  4 jackals
  A kobold (D:1)
  2 quokkas
  4 ball pythons
  4 frilled lizards
  5 rats
91 creatures vanquished.

Vanquished Creatures (others)
  7 withered plants (D:5)
7 creatures vanquished.

Grand Total: 114 creatures vanquished

Notes
Turn   | Place    | Note
-------+----------+-------------------------------------------
     0 | D:1      | Geomchi the Vampire Summoner began the quest for the Orb.
     0 | D:1      | Reached XP level 1. HP: 13/13 MP: 3/3
   295 | D:1      | Reached skill level 1 in Fighting
   295 | D:1      | Reached XP level 2. HP: 10/21 MP: 3/5
   298 | D:1      | Learned a level 2 spell: Call Imp
   643 | D:1      | Found a faded altar of an unknown god.
   929 | D:1      | Gained mutation: You are afflicted with vampirism and can
                  | become a bat while bloodless. [Vampire growth]
   929 | D:1      | Reached XP level 3. HP: 18/26 MP: 2/6
   933 | D:1      | Learned a level 3 spell: Call Canine Familiar
  1751 | D:2      | Noticed Robin
  1761 | D:2      | Killed Robin
  1762 | D:2      | Reached XP level 4. HP: 19/33 MP: 2/7
  1780 | D:2      | Reached skill level 5 in Summonings
  2662 | D:3      | Reached XP level 5. HP: 36/39 MP: 4/8
  2947 | D:3      | Found a shimmering blue altar of Sif Muna.
  3396 | D:4      | Found a staircase to the Ecumenical Temple.
  3425 | D:4      | Got the Compendium of Conjuration
  3459 | Temple   | Entered the Ecumenical Temple
  3512 | Temple   | Became a worshipper of Hepliaklqana the Forgotten
  3677 | D:4      | Found an ornate altar of the Wu Jian Council.
  3679 | D:4      | Found a bloodstained altar of Trog.
  3910 | D:4      | Reached XP level 6. HP: 37/37 MP: 4/10
  3982 | D:4      | Learned a level 4 spell: Summon Lightning Spire
  4444 | D:4      | Found Vygakhor's Antique Weapon Boutique.
  4462 | D:5      | Entered Level 5 of the Dungeon
  4462 | D:5      | Noticed a water moccasin
  4462 | D:5      | Found Camnir's Assorted Antiques.
  4513 | D:5      | Reached skill level 1 in Air Magic
  4529 | D:5      | Killed a water moccasin
  4530 | D:5      | Reached skill level 6 in Summonings
  4530 | D:5      | Reached XP level 7. HP: 42/42 MP: 5/11
  4694 | D:5      | Noticed Prince Ribbit
  4694 | D:5      | Found a shadowy altar of Dithmenos.
  4716 | D:5      | Killed Prince Ribbit
  5208 | D:5      | HP: 2/47 [poisoned by a scorpion]
  5212 | D:5      | Slain by a necrophage

Illustrated notes

Levels and vault maps discovered:
D:1:      dpeg_arrival_shrine, layout_rooms, nicolae_ecumenical_snake_handling,
          columned_hall_lemuel, st_stairs_10, minmay_misc_feat_enclosed
D:2:      layout_basic, uniq_robin
D:3:      layout_basic, led_sif_pool, due_unseen_surprise
D:4:      layout_basic, minitemple, temple_pool_b, serial_shops,
          kennysheep_little_box
D:5:      layout_cave_pools, kiku_gazebo_garden_becter, grunt_dithmenos_smoke,
          serial_shops, nicolae_shop_statue_plus,
          chequers_serial_rivers_large_a, uniq_prince_ribbit1
Temple:   eino_wide_crystal_templ

Skill      XL: |  1  2  3  4  5  6  7 |
---------------+----------------------+-----
Fighting       | 1 2 3 4 |  4.6
Summonings     | 5 6 |  6.7
Spellcasting   | 3 |  3.0
Air Magic      | 2 3 |  3.2
Dodging        | |  2.1
Stealth        | |  3.0

Action                   |  1- 3 |  4- 6 |  7- 9 || total
-------------------------+-------+-------+-------++-------
Melee: Unarmed           |    16 |       |       ||    16
       Bite              |     2 |     3 |     2 ||     7
       Short sword       |    56 |       |       ||    56
       Dagger            |       |    31 |    12 ||    43
 Cast: Summon Small Mamm |    21 |    17 |     9 ||    47
       Call Imp          |    23 |    20 |     7 ||    50
       Call Canine Famil |     6 |    14 |     8 ||    28
 Abil: Exsanguinate      |       |     1 |       ||     1
       Revivify          |       |       |     1 ||     1
  Use: Potion            |       |       |     3 ||     3
       Scroll            |       |       |     1 ||     1
 Stab: Distracted        |     1 |     1 |     1 ||     3
Armor: Robe              |    19 |     5 |     3 ||    27
Dodge: Dodged            |    64 |    33 |    37 ||   134

Table legend: (Time is in decaauts)
 A = Elapsed time spent in this place.
 B = Non-inter-level travel time spent in this place.
 C = Inter-level travel time spent in this place.
 D = Time resting spent in this place.
 E = Time spent auto-exploring this place.
 F = Levels seen in this place.
 G = Mean time per level.
                   A        B        C        D        E       F      G
               +--------+--------+--------+--------+--------+-----+--------+
         Total |   5226 |   4963 |    263 |    421 |   3410 |   6 |  871.0 |
       Dungeon |   5142 |   4904 |    238 |    421 |   3370 |   5 | 1028.4 |
        Temple |     83 |     58 |     25 |      0 |     40 |   1 |   83.0 |
               +--------+--------+--------+--------+--------+-----+--------+

Top non-repeatable levels by time:
     D:4: 1809 daAuts
     D:1: 1246 daAuts
     D:3: 1076 daAuts
     D:2: 785 daAuts
     D:5: 224 daAuts
  Temple: 83 daAuts
